 Dungeon Crawl Stone Soup version 0.27.0-1-g7a089689b8 (webtiles) character file.

Game seed: 6983738837520194720

4166 robertstho the Nimble (level 10, -15/132 HPs)
             Began as a Pale Draconian Berserker on Aug 9, 2021.
             Was an Elder of Trog.
             Demolished by an orc warrior (21 damage)
             ... in a bailey.
             The game lasted 00:10:24 (9483 turns).

robertstho the Nimble (Pale Draconian Berserker)    Turns: 9483, Time: 00:10:24

Health: -15/132    AC: 12    Str: 23    XL:     10   Next: 7%
Magic:  10/10      EV: 14    Int:  8    God:    Trog [****..]
Gold:   251        SH:  0    Dex: 10    Spells: 9/9 levels left

rFire    + . .     SeeInvis .   a - +0 falchion
rCold    + . .     Faith    .   (no shield)
rNeg     . . .     Spirit   .   (armour unavailable)
rPois    .         Reflect  .   (helmet restricted)
rElec    .         Harm     .   t - +0 cloak
rCorr    .         Rampage  .   h - +2 pair of gloves
Will     .....                  x - +0 pair of boots
Stlth    ..........             (no amulet)
HPRegen  0.32/turn              i - ring of protection from cold
MPRegen  0.12/turn              v - ring of protection from fire

@: berserking (expiring), very quick
A: breathe steam, AC +7, unfitting armour, cold-blooded, steam resistance
a: Breathe Steam, Renounce Religion, Berserk, Trog's Hand, Brothers in Arms


You were in a bailey.
You worshipped Trog.
Trog was greatly pleased with you.
You visited 1 branch of the dungeon, and saw 8 of its levels.
You also visited: Bailey.

You collected 439 gold pieces.
You spent 188 gold pieces at shops.

Inventory:

Hand Weapons
 a - a +0 falchion (weapon)
 o - the +7 mace "Forusch" {antimagic, rCorr}
   (You took it off a hobgoblin on level 4 of the Dungeon)

   It reduces the magical energy of the wielder, and disrupts the spells and
   magical abilities of those it strikes.
   Natural abilities and divine invocations are not affected.
   rCorr:     It protects you from acid and corrosion.
Armour
 h - a +2 pair of gloves (worn)
 t - a +0 cloak (worn)
 x - a +0 pair of boots (worn)
Jewellery
 i - a ring of protection from cold (left hand)
 n - a +6 ring of intelligence
 v - a ring of protection from fire (right hand)
Wands
 c - a wand of flame (25)
 y - a wand of iceblast (3)
Scrolls
 b - 3 scrolls of teleportation
 d - a scroll of vulnerability
 e - 2 scrolls of enchant weapon
 f - 2 scrolls of enchant armour
 g - 3 scrolls of fog
 q - a scroll of holy word
 u - a scroll of magic mapping
Potions
 j - 4 potions of might
 k - 2 potions of ambrosia {unknown}
 l - a potion of haste {unknown}
 m - a potion of lignification {unknown}
 p - a potion of brilliance {unknown}
 r - 2 potions of resistance
 s - 2 potions of curing
 w - 6 potions of heal wounds {unknown}
 z - a potion of cancellation {unknown}
 A - a potion of invisibility {unknown}
 B - 2 potions of experience {unknown}


   Skills:
 * Level 8.2 Fighting
 + Level 8.2 Long Blades
 * Level 8.3 Dodging
 * Level 5.9 Stealth


You had 9 spell levels left.
You didn't know any spells.
Your spell library was empty.

Dungeon Overview and Level Annotations

Branches:
Dungeon (8/15)             Temple (0/1) D:6          Bailey (1/1)
   Lair: D:8-11

Altars:
Dithmenos
Okawaru
Ru
Uskayaw
Xom
Zin
The Shining One

Shops:
D:5 ?   D:6 :


Innate Abilities, Weirdness & Mutations

You can breathe blasts of scalding, opaque steam.
Your pale cyan-grey scales are hard. (AC +7)
You cannot fit into any form of body armour.
You are cold-blooded and may be slowed by cold attacks.
You are immune to the effects of steam.


Message History

Aiming: Iceblast
Press: ? - help, Shift-Dir - straight line, f/p - orc warrior
Aim: an orc warrior, wielding a +0 halberd (almost dead, strong)
The mass of ice explodes!
The iceblast engulfs the orc knight.
The orc knight is moderately wounded.
The iceblast engulfs the orc warrior!
The orc warrior is moderately wounded.
The iceblast engulfs the orc warrior!
The orc warrior is severely wounded.
The iceblast engulfs the orc warrior!
You kill the orc warrior!
Trog accepts your kill.
The iceblast engulfs the orc warrior!
The orc warrior is almost dead.
The orc warrior hits you from afar with a +0 glaive!
The orc warrior hits you from afar with a +0 trident!
A red film seems to cover your vision as you go berserk!
You feel yourself moving faster!
You feel mighty!
The orc warrior hits you from afar with a +0 glaive!!
The orc warrior misses you.
The orc knight hits you from afar with a +0 halberd!
You feel a strong urge to attack something.
The orc knight roars a battlecry!
The orc knight goes into a battle-frenzy!
The orc warrior misses you.
You hit the orc knight. You tail-slap the orc knight!
The orc knight is heavily wounded.
The orc warrior misses you. The orc warrior barely misses you.
You barely miss the orc warrior.
The orc warrior is severely wounded.
The orc warrior barely misses you.
The orc warrior hits you with a +0 trident!!
You slice the orc warrior!!
You kill the orc warrior!
Trog accepts your kill.
The orc knight hits you with a +0 halberd!!!
* * * LOW HITPOINT WARNING * * *
Unknown command.
The orc warrior hits you from afar with a +0 trident!!
You die...

#.)))...#
#..))...#
#...)...#
##.....##
##'''##
#.....#
#.....#
#.....#
#.@...#
#...o.#
##o')##
#.oo..#
#...)o..#
#...)...#
#...o...#
#.......#
#.......#


You could see 3 orc knights, 2 orc warriors and an orc (strong).

Vanquished Creatures
  A two-headed ogre (D:7)
  Prince Ribbit (D:5)
  2 steam dragons (D:8)
  A black bear (D:5)
  2 sky beasts
  An ice beast (D:7)
  6 orc warriors (Bailey)
  A hornet zombie (D:8)
  2 centaurs
  5 ogres
  A gnoll sergeant (D:8)
  3 scorpions
  A wyvern skeleton (D:6)
  A water moccasin skeleton (D:7)
  5 killer bees (D:7)
  2 howler monkeys (D:8)
  A bullfrog zombie (D:5)
  A centaur zombie (D:7)
  2 orc priests (D:8)
  A centaur skeleton (D:5)
  4 jellies
  Crazy Yiuf (D:5)
  5 hounds
  3 orc wizards
  An iguana (D:4)
  A howler monkey zombie (D:7)
  Robin (D:2)
  3 gnolls (D:8)
  10 adders
  A shadow imp (D:7)
  An ufetubus (D:3)
  2 worms (D:2)
  34 orcs
  4 endoplasms
  4 giant cockroaches
  22 goblins
  8 hobgoblins
  15 jackals
  6 quokkas
  2 ball pythons
  2 bats
  A frilled lizard (D:1)
  7 kobolds
  6 rats
  A spectral kobold (D:2)
185 creatures vanquished.

Vanquished Creatures (others)
  A howler monkey (D:8)
1 creature vanquished.

Grand Total: 186 creatures vanquished

Notes
Turn   | Place    | Note
-------+----------+-------------------------------------------
     0 | D:1      | robertstho the Draconian Berserker began the quest for the
                  | Orb.
     0 | D:1      | Reached XP level 1. HP: 19/19 MP: 1/1
   305 | D:1      | Reached XP level 2. HP: 26/26 MP: 2/2
   629 | D:1      | Reached XP level 3. HP: 25/33 MP: 3/3
   725 | D:1      | Reached ** piety under Trog
  1144 | D:2      | Reached skill level 1 in Stealth
  1235 | D:2      | Noticed Robin
  1249 | D:2      | Reached XP level 4. HP: 34/40 MP: 4/4
  1278 | D:3      | Found a glowing golden altar of the Shining One.
  1408 | D:2      | Killed Robin
  1567 | D:2      | Found a faded altar of an unknown god.
  2469 | D:3      | Reached XP level 5. HP: 46/46 MP: 5/5
  3005 | D:3      | Found an iron altar of Okawaru.
  3339 | D:4      | Found a sacrificial altar of Ru.
  3432 | D:4      | Reached XP level 6. HP: 35/53 MP: 6/6
  3828 | D:4      | Identified the +7 mace "Forusch" {antimagic, rCorr}
  4370 | D:5      | Entered Level 5 of the Dungeon
  4423 | D:5      | Found a glowing silver altar of Zin.
  4508 | D:5      | Noticed Prince Ribbit
  4523 | D:5      | Killed Prince Ribbit
  4523 | D:5      | Reached *** piety under Trog
  4524 | D:5      | Reached skill level 5 in Fighting
  4524 | D:5      | Reached skill level 5 in Dodging
  4524 | D:5      | Your scales start taking on a pale cyan-grey colour.
  4524 | D:5      | Reached XP level 7. HP: 61/61 MP: 7/7
  4524 | D:5      | Gained mutation: You are immune to the effects of steam.
                  | [Pale Draconian growth]
  4782 | D:5      | Found a runed translucent door.
  4783 | D:5      | Noticed Crazy Yiuf
  4886 | D:5      | Reached skill level 5 in Long Blades
  4921 | D:5      | Found a hide-covered altar of Uskayaw.
  4921 | D:5      | Found a shadowy altar of Dithmenos.
  4921 | D:5      | Found a shimmering altar of Xom.
  5208 | D:5      | Found Gaapre's Magic Scroll Shoppe.
  5215 | D:5      | Bought a scroll of teleportation for 39 gold pieces
  5215 | D:5      | Bought a scroll of identify for 26 gold pieces
  5215 | D:5      | Bought a scroll of magic mapping for 45 gold pieces
  5215 | D:5      | Bought a scroll of identify for 26 gold pieces
  5215 | D:5      | Bought a scroll of identify for 26 gold pieces
  5215 | D:5      | Bought a scroll of identify for 26 gold pieces
  5374 | D:5      | Reached XP level 8. HP: 69/69 MP: 8/8
  5828 | D:5      | Killed Crazy Yiuf
  5951 | D:6      | Found Giumeopp's Book Shoppe.
  6706 | D:6      | Found a staircase to the Ecumenical Temple.
  7247 | D:7      | Noticed a two-headed ogre
  7256 | D:7      | Killed a two-headed ogre
  7257 | D:7      | Reached skill level 5 in Stealth
  7257 | D:7      | Reached XP level 9. HP: 41/79 MP: 9/9
  8749 | D:8      | Found a flagged portal.
  8754 | Bailey   | Entered a bailey
  9114 | Bailey   | Reached **** piety under Trog
  9351 | Bailey   | Reached XP level 10. HP: 88/88 MP: 10/10
  9467 | Bailey   | Noticed an orc knight
  9474 | Bailey   | Noticed an orc knight
  9475 | Bailey   | Noticed an orc knight
  9482 | Bailey   | HP: 6/132 [orc knight (46)]
  9483 | Bailey   | Demolished by an orc warrior

Illustrated notes

Levels and vault maps discovered:
D:1:      minmay_arrival_checkered_box, layout_basic
D:2:      layout_loops_cross, dreamdust_ecumenical_altar_drowned_temple,
          uniq_robin
D:3:      layout_basic, mainiacjoe_overflow_alcove_2,
          mainiacjoe_overflow_alcove_1
D:4:      layout_loops_ring, nicolae_ru_the_path_less_chosen,
          minmay_misc_feat_alley, minmay_cut_off
D:5:      layout_basic, gammafunk_temple_overflow_claw,
          mainiacjoe_overflow_paths, serial_shops, shop, sigmund_army,
          uniq_prince_ribbit1, uniq_crazy_yiuf_cottage
D:6:      layout_basic, minmay_temple_entry_drinking_statues,
          minmay_misc_feat_columns, minmay_shop_grid_forest,
          serial_bayou_pond_c, small_statue_intersection
D:7:      layout_loops_corners
D:8:      layout_cave_pools, enter_bailey_3, hellmonk_guarded_unrand_zhor,
          uniq_joseph, uniq_harold
Bailey:   bailey_polearm_5, bailey

Skill      XL: |  1  2  3  4  5  6  7  8  9 |
---------------+----------------------------+-----
Dodging        | 3 4 5 7 8 |  8.3
Fighting       | 4 5 7 8 |  8.2
Stealth        | 1 2 3 5 |  5.9
Long Blades    | 4 5 7 8 |  8.2

Action                   |  1- 3 |  4- 6 |  7- 9 | 10-12 || total
-------------------------+-------+-------+-------+-------++-------
Melee: Falchion          |   107 |   170 |   258 |    13 ||   548
       Tailslap          |    16 |    24 |    53 |     2 ||    95
Invok: Berserk           |     2 |     5 |     7 |     1 ||    15
       Trog's Hand       |     1 |     2 |     3 |       ||     6
 Abil: Breathe Steam     |       |       |     9 |     1 ||    10
Evoke: Wand              |       |       |       |     4 ||     4
  Use: Potion            |     1 |       |     2 |       ||     3
       Scroll            |       |     7 |     5 |       ||    12
 Stab: Sleeping          |     1 |     3 |     7 |       ||    11
Armor: Skin              |    46 |    44 |   145 |     5 ||   240
Dodge: Dodged            |    90 |   138 |   288 |    13 ||   529
       Rpst.: Falchion   |    29 |    45 |    54 |       ||   128
